Map: 10000 Feet LE

Players

VITRyung (Ryung) - Winner!

  • Race: Terran Terran
  • League: Grandmaster
  • Spawn Location: 5:00

Jumy (ForJumy)

  • Race: Protoss Protoss
  • League: Master
  • Spawn Location: 11:00

VOD

Have the link to the VOD?

Description

Time

  • Played on: Jan. 30, 2026, 12:41 p.m.
  • Length: 5:05
Show
View Real Time Build Order
Export as new Build Order

VITRyung Terran - Winner!

Build Orders: Cyclone Opening 

Get SALT Encoding   

  12  0:00  SCV  
  13  0:12  SCV  
  14  0:16  Supply Depot  
  14  0:24  SCV  
  15  0:38  SCV, Barracks  
  16  0:44  Refinery  
  16  0:50  SCV  
  17  1:02  SCV  
  18  1:14  SCV  
  20  1:26  Orbital Command  
  20  1:34  Command Center  
  20  1:37  Marine  
  20  1:48  Factory  
  20  1:52  SCV  
  21  2:03  Supply Depot  
  21  2:04  SCV  
  21  2:05  Barracks Tech Lab  
  22  2:16  SCV  
  22  2:17  Barracks  
  23  2:28  SCV  
  24  2:34  Refinery  
  24  2:35  Marine  
  25  2:37  Cyclone  
  25  2:40  SCV  
  29  2:46  Orbital Command  
  29  2:52  SCV  
  30  2:59  Barracks Reactor, Barracks  
  30  3:04  SCV  
  31  3:09  Engineering Bay  
  31  3:13  SCV  
  31  3:16  SCV  
  33  3:22  Marine, Stimpack  
  33  3:25  SCV  
  35  3:29  SCV, Factory Tech Lab  
  36  3:39  SCV, Marine x2  
  36  3:40  Marine  
  36  3:41  SCV  
  41  3:45  Supply Depot  
  41  3:54  Cyclone  
  44  3:58  Marine x2  
  44  4:02  Missile Turret  
  46  4:06  Marine x2  
  46  4:07  Supply Depot  
  48  4:16  Missile Turret  
  41  4:39  SCV x2  
Show
View Real Time Build Order
Export as new Build Order

Jumy Protoss 

Build Orders: Dark Templar Rush 

Get SALT Encoding   

  12  0:00  Probe  
  13  0:12  Probe  
  14  0:18  Pylon  
  14  0:25  Probe  
  15  0:33  Probe  
  15  0:36  Gateway  
  15  0:41  Probe  
  16  0:46  Assimilator  
  17  0:51  Probe  
  17  0:54  Assimilator  
  18  1:03  Probe  
  19  1:08  Gateway  
  19  1:12  Probe  
  20  1:21  Probe  
  20  1:23  Cybernetics Core  
  21  1:31  Probe  
  21  1:36  Pylon  
  22  1:43  Probe  
  23  1:54  Adept  
  23  1:56  Probe  
  23  2:01  Twilight Council  
  26  2:03  Warp Gate  
  26  2:13  Adept  
  28  2:19  Pylon  
  28  2:27  Robotics Facility  
  28  2:31  Adept  
  30  2:47  Gateway  
  30  2:53  Dark Shrine  
  30  2:54  Probe  
  31  3:06  Pylon, Probe  
  31  3:10  Warp Prism  
  28  4:04  Dark Templar x2  
  28  4:05  Dark Templar  
  28  4:06  Probe  
  33  4:29  Probe  
  28  4:42  Dark Templar  
  28  4:44  Probe  
Tags
 
Add a new tag
Caveats
  • Supply blocks, unpowered buildings, or Contaminate may cause inaccurate times.
  • Supply counts are checked every 10 seconds.